 Dungeon Crawl Stone Soup version 0.22-a0-362-g535178c (webtiles) character file.

441 Amnesiac the Grave Robber (level 6, -1/47 HPs)
             Began as a Mummy Necromancer on Apr 19, 2018.
             Slain by an orc
             ... wielding a +0 scythe
              (9 damage)
             ... on level 4 of the Dungeon.
             The game lasted 00:04:50 (2476 turns).

Amnesiac the Grave Robber (Mummy Necromancer)       Turns: 2476, Time: 00:04:51

Health: -1/47      AC:  2    Str: 11    XL:     6   Next: 70%
Magic:  2/10       EV: 14    Int: 16    God:
Gold:   59         SH:  0    Dex: 13    Spells: 7/11 levels left

rFire    x . .     SeeInvis .   g - +0 war axe (vamp)
rCold    + . .     Gourm    .   (no shield)
rNeg     + + +     Faith    .   a - +0 robe
rPois    ∞         Spirit   .   (no helmet)
rElec    .         Reflect  .   (no cloak)
rCorr    .         Harm     .   (no gloves)
MR       .....                  (no boots)
Stlth    ++........             (no amulet)
HPRegen  0.15/turn              (no ring)
MPRegen  0.12/turn              (no ring)

@: very slightly contaminated
A: no food or potions, fire vulnerability, cold resistance 1, negative energy
resistance 3, torment resistance, unbreathing
a: no special abilities


You were on level 4 of the Dungeon.
You were not hungry.

You visited 1 branch of the dungeon, and saw 6 of its levels.

You collected 59 gold pieces.

Inventory:

Hand Weapons
 f - a +0 falchion
 g - a +0 vampiric war axe (weapon)
Armour
 a - a +0 robe (worn)
Wands
 h - a wand of polymorph (7)
Scrolls
 b - 2 scrolls of remove curse {!r, unknown}
 c - a scroll of fog {!r}
 d - 5 scrolls of identify {!r}
 e - a scroll of enchant armour {!r}
 i - a scroll of immolation {!r, unknown}
 j - a scroll of teleportation {!r, unknown}


   Skills:
 + Level 3.2 Fighting
 * Level 4.4 Dodging
 - Level 1.5 Stealth
 - Level 3.0 Spellcasting
 - Level 5.0 Necromancy


You had 7 spell levels left.
You knew the following spells:

 Your Spells              Type           Power        Failure   Level  Hunger
a - Pain                  Necr           ###.         2%          1    N/A
d - Vampiric Draining     Necr           ###.......   7%          3    N/A

Dungeon Overview and Level Annotations

Branches:
Dungeon (6/15)
 Temple: D:4-7

Altars:
Cheibriados
Fedhas
Gozag
Hepliaklqana
Trog
The Shining One

Annotations:
D:5 Nattefrost's ghost, novice HuHu


Innate Abilities, Weirdness & Mutations

You do not eat or drink.
Your flesh is vulnerable to fire.
You are immune to poison.
Your flesh is cold resistant. (rC+)
You are immune to negative energy. (rN+++)
You are immune to unholy pain and torment.
You can survive without breathing.


Message History

The leopard gecko barely misses you. The centaur closely misses you.
Casting: Vampiric Draining (safe; 8% risk of failure)
Confirm with . or Enter, or press ? or * to list all spells.
Aiming: Vampiric Draining (safe; 8% risk of failure)
Press: ? - help, Shift-Dir - straight line, f/p - centaur
Aim: a centaur (moderately wounded)
The centaur is severely wounded.
You feel life coursing into your body. The leopard gecko misses you.
The centaur hits you!
* * * LOW HITPOINT WARNING * * *
Casting: Vampiric Draining (safe; 8% risk of failure)
Confirm with . or Enter, or press ? or * to list all spells.
Aiming: Vampiric Draining (safe; 8% risk of failure)
Press: ? - help, Shift-Dir - straight line, f/p - centaur
Aim: a centaur (severely wounded)
You miscast Vampiric Draining.
You are very lightly contaminated with residual magic.
Nothing appears to happen.
The centaur hits you!
* * * LOW HITPOINT WARNING * * *
The leopard gecko barely misses you. The centaur misses you.
Casting: Vampiric Draining (safe; 8% risk of failure)
Confirm with . or Enter, or press ? or * to list all spells.
You don't have enough magic to cast that spell.
You hit the centaur but do no damage.
The centaur is severely wounded.
You completely miss the leopard gecko. The leopard gecko closely misses you.
The centaur misses you. The leopard gecko barely misses you.
The centaur barely misses you.
You hit the centaur.
The centaur is severely wounded.
You hit the leopard gecko.
You feel better. The centaur closely misses you. The leopard gecko bites you.
* * * LOW HITPOINT WARNING * * *
The centaur hits you.
* * * LOW HITPOINT WARNING * * *
The leopard gecko misses you.
You slash the centaur!
You feel better.
You kill the centaur!
Training target 5.0 for Necromancy reached!
Your Necromancy skill increases to level 5!
You miss the leopard gecko. The leopard gecko bites you.
* * * LOW HITPOINT WARNING * * *
The leopard gecko bites you.
* * * LOW HITPOINT WARNING * * *
You closely miss the leopard gecko.
The leopard gecko is moderately wounded.
The leopard gecko bites you.
* * * LOW HITPOINT WARNING * * *
The leopard gecko closely misses you.
You slash the leopard gecko!
You feel better.
You kill the leopard gecko!
An orc comes into view. It is wielding a mace.
You barely miss the orc.
The orc shouts!
You hear a shout! x2
The orc hits you with a mace.
* * * LOW HITPOINT WARNING * * *
You hear a shout!
You closely miss the orc.
You hear a shout!
The orc hits you with a mace.
* * * LOW HITPOINT WARNING * * *
You completely miss the orc. The orc barely misses you.
The orc hits you from afar with a scythe!
You die...

.## ##.#
#..# #.##
#..# ##.#
##..# #.##
#...# ##.#
## #...#
#.## ...
#...# ##.#
...# #>..#
##.##
....###)@.#
#..#
......#o..##
##.##
#..o....#
#..#
##......#
##.##
###....#
##..#
##...###..##
##...##..#
##.....##
##......#


You could see 2 orcs.

Vanquished Creatures
  2 ogres (D:4)
  A centaur (D:4)
  2 scorpions (D:4)
  4 adders
  2 oozes
  A worm (D:4)
  3 dart slugs (D:1)
  3 leopard geckos
  4 giant cockroaches
  A goblin (D:2)
  3 hobgoblins (D:1)
  2 quokkas
  4 ball pythons
  A ball python skeleton (D:2)
  5 bats
  2 frilled lizards
  6 kobolds
  4 rats
50 creatures vanquished.

Vanquished Creatures (others)
  An orc priest (D:3)
1 creature vanquished.

Grand Total: 51 creatures vanquished

Notes
Turn   | Place    | Note
-------+----------+-------------------------------------------
     0 | D:1      | Amnesiac the Mummy Necromancer began the quest for the Orb.
     0 | D:1      | Reached XP level 1. HP: 13/13 MP: 4/4
   208 | D:1      | Reached XP level 2. HP: 20/20 MP: 3/5
   477 | D:1      | Reached skill level 1 in Fighting
   795 | D:2      | Reached XP level 3. HP: 24/26 MP: 7/7
   804 | D:2      | Learned a level 3 spell: Vampiric Draining
  1035 | D:2      | Found a snail-covered altar of Cheibriados.
  1101 | D:2      | Found an opulent altar of Gozag.
  1223 | D:2      | Found a blossoming altar of Fedhas.
  1388 | D:2      | Reached XP level 4. HP: 31/32 MP: 0/8
  1685 | D:4      | Found a hazy altar of Hepliaklqana.
  1932 | D:4      | Reached XP level 5. HP: 13/38 MP: 0/9
  2117 | D:4      | Noticed an ogre
  2144 | D:4      | Noticed an ogre
  2152 | D:4      | Killed an ogre
  2152 | D:4      | Reached XP level 6. HP: 46/46 MP: 3/10
  2168 | D:4      | Found a glowing golden altar of the Shining One.
  2449 | D:5      | Entered Level 5 of the Dungeon
  2449 | D:5      | Noticed Nattefrost's ghost (novice HuHu)
  2454 | D:6      | Found a bloodstained altar of Trog.
  2470 | D:4      | Reached skill level 5 in Necromancy
  2476 | D:4      | Slain by an orc

Vault maps used:
D:1:      nzn_arrival_crosshair, serial_forest, infiniplex_forest_straight_2,
          infiniplex_forest_clump_long, infiniplex_forest_lined_room_2,
          infiniplex_forest_lined_3_way, infiniplex_forest_zigzag_1,
          infiniplex_forest_clump_double
D:2:      cheibrodos_old_hovel, nicolae_ru_path_of_blood,
          nicolae_overflow_crystal_walls, marbit_many_paths, grunt_ministairs_7,
          grunt_gozag_breadcrumbs
D:3:      lemuel_coloured_pillars_altar, fiery_altar_vehumet, kennysheep_boxes
D:4:      minmay_diamond_boxcup, kennysheep_mini, kennysheep_mini_moat,
          lemuel_round_altar
D:5:      kennysheep_little_box, first_ration
D:6:      temple_pool_b, trog_ov_bears_minmay

Skill      XL: |  1  2  3  4  5  6 |
---------------+-------------------+-----
Dodging        | 2 3 4 |  4.4
Spellcasting   | 3 |  3.0
Fighting       | 1 2 3 |  3.2
Necromancy     | 5 |  5.0
Stealth        | |  1.5

Action                   |  1- 3 |  4- 6 || total
-------------------------+-------+-------++-------
Melee: Unarmed           |    14 |       ||    14
       War axe           |       |    39 ||    39
 Cast: Pain              |    75 |    19 ||    94
       Vampiric Draining |       |     9 ||     9
  Use: Scroll            |       |     2 ||     2
Armor: Robe              |     8 |     4 ||    12
Dodge: Dodged            |    13 |    61 ||    74
       Rpst.: Falchion   |     1 |       ||     1

Table legend:
 A = Spawn XP
 B = Non-spawn XP
 C = Spawn XP percentage of total XP
 D = Spawn monster count
 E = Non-spawn monster count
 F = Spawn count percentage of total count
 G = Total turns spent on level
                    A         B        C        D         E        F      G
               +---------+---------+-------+---------+---------+-------+---------
         Total |       0 |     630 |   0.0 |       0 |      50 |   0.0 |  2476
               +---------+---------+-------+---------+---------+-------+---------
           D:1 |       0 |      39 |   0.0 |       0 |      18 |   0.0 |   782
           D:2 |       0 |      59 |   0.0 |       0 |      16 |   0.0 |   660
           D:3 |       0 |      16 |   0.0 |       0 |       2 |   0.0 |   147
           D:4 |       0 |     516 |   0.0 |       0 |      14 |   0.0 |   875
               +---------+---------+-------+---------+---------+-------+---------
